 Dungeon Crawl Stone Soup version 0.17.2-1-ge4368a0 (webtiles) character file.

2429 mopl the Tainter (level 9, -8/62 HPs)
             Began as a Grey Draconian Venom Mage on May 11, 2017.
             Was a Follower of Sif Muna.
             Mangled by an orc warrior
             ... wielding a +0 glaive
              (16 damage)
             ... on level 7 of the Dungeon.
             The game lasted 00:16:08 (8455 turns).

mopl the Tainter (Grey Draconian Venom Mage)        Turns: 8455, Time: 00:16:09

Health: -8/62      AC: 18    Str: 10    XL:     9   Next: 24%
Magic:  9/17       EV: 12    Int: 18    God:    Sif Muna [*.....]
Gold:   209        SH:  0    Dex: 13    Spells: 6 memorised, 0 levels left

rFire  . . .     SeeInvis .     a - +3 dagger (venom)
rCold  . . .     Clarity  .     (armour unavailable)
rNeg   . . .     SustAt   .     (no shield)
rPois  .         Gourm    .     (helmet restricted)
rElec  .         Spirit   .     F - +2 cloak
rCorr  .         Warding  .     (no gloves)
rMut   .         Stasis   .     (no boots)
MR     .....                    (no amulet)
Stlth  ++........               J - ring of wizardry
                                k - +3 ring of protection

@: not resistant to hostile enchantments, unstealthy
A: walk through water, unfitting armour, unbreathing, cold-blooded, AC +12
a: Channel Energy, Renounce Religion


You were on level 7 of the Dungeon.
You worshipped Sif Muna.
Sif Muna was aware of your devotion.
You were hungry.

You visited 2 branches of the dungeon, and saw 8 of its levels.
You also visited: Sewer.

You collected 481 gold pieces.
You spent 272 gold pieces at shops.

Inventory:

Hand Weapons
 a - a +3 dagger of venom (weapon)
 b - a +0 blowgun
 E - a +3 quarterstaff of chaos
Missiles
 c - 39 poisoned needles
 g - 11 tomahawks (quivered)
Armour
 o - a +0 shield
 F - a +2 cloak (worn)
Jewellery
 k - a +3 ring of protection (left hand)
 s - an uncursed ring of protection from magic
 J - a ring of wizardry (right hand)
Wands
 D - a wand of random effects (20)
 G - a wand of flame (30)
 O - a wand of fireball (10)
Scrolls
 h - 3 scrolls of fog {unknown}
 i - 4 scrolls of enchant armour
 p - 3 scrolls of noise {unknown}
 r - 4 scrolls of recharging
 u - 3 scrolls of remove curse
 w - 2 scrolls of blinking
 I - 2 scrolls of enchant weapon {unknown}
 P - 2 scrolls of identify
Potions
 d - a potion of haste
 e - 2 potions of brilliance
 f - 3 potions of cure mutation {!q}
 j - 7 potions of heal wounds
 m - 6 potions of curing {unknown}
 q - a potion of invisibility
 x - a potion of ambrosia
 z - 2 potions of agility
 A - 3 potions of lignification {!q}
 B - 2 potions of flight
 C - a potion of mutation {!q}
 H - a potion of cancellation
 M - a potion of might {unknown}
Books
 t - a book of Envenomations

   Spells                             Type                      Level
   a - Spider Form                    Transmutation/Poison         3
   b - Alistair's Intoxication        Transmutation/Poison         4
   c - Olgreb's Toxic Radiance        Poison                       4
   d - Poisonous Cloud                Conjuration/Poison/Air       6
 v - a Young Poisoner's Handbook

   Spells                             Type                      Level
   a - Sting                          Conjuration/Poison           1
   b - Cure Poison                    Poison                       2
   c - Mephitic Cloud                 Conjuration/Poison/Air       3
   d - Olgreb's Toxic Radiance        Poison                       4
   e - Venom Bolt                     Conjuration/Poison           5
 L - a book of Battle

   Spells                             Type                      Level
   a - Infusion                       Charms                       1
   b - Shroud of Golubria             Charms/Translocation         2
   c - Song of Slaying                Charms                       2
   d - Spectral Weapon                Hexes/Charms                 3
   e - Regeneration                   Charms/Necromancy            3
Comestibles
 l - 2 royal jellies
 n - 8 fruits
 y - 4 bread rations
 K - a chunk of flesh
 N - a slice of pizza
 Q - a meat ration


   Skills:
 - Level 1.7 Dodging
 - Level 1.7 Stealth
 + Level 5.8 Spellcasting
 + Level 6.1 Conjurations
 * Level 9.5 Poison Magic
 + Level 2.3 Invocations


You couldn't memorise any spells.
You knew the following spells:

 Your Spells              Type           Power        Failure   Level  Hunger
a - Sting                 Conj/Pois      ####         1%          1    None
b - Olgreb's Toxic Radia  Pois           #####...     1%          4    ####...
c - Cure Poison           Pois           #####.....   1%          2    None
d - Mephitic Cloud        Conj/Pois/Air  ###.....     1%          3    ##.....
r - Regeneration          Chrm/Necr      #.........   19%         3    ##.....
C - Poisonous Cloud       Conj/Pois/Air  ###.......   89%         6    #######


Dungeon Overview and Level Annotations

Branches:
Dungeon (7/15)             Temple (1/1) D:4

Altars:
Ashenzari
Cheibriados
Dithmenos
Elyvilon
Fedhas
Kikubaaqudgha
Makhleb
Qazlal
Ru
Sif Muna
Trog
Vehumet
Xom
Yredelemnul

Shops:
D:4 %   D:6 *

Annotations:
D:1 fly


Innate Abilities, Weirdness & Mutations

You can walk through water.
Your dull iron-grey scales are very hard (AC +12).
Your body does not fit into most forms of armour.
You can survive without breathing.
You are cold-blooded and may be slowed by cold attacks.


Message History

* * * LOW HITPOINT WARNING * * *
Casting: Cure Poison
Confirm with . or Enter, or press ? or * to list all spells.
Aiming: Mephitic Cloud
Press: ? - help, Shift-Dir - straight line, f - orc warrior
Aim: an orc warrior, wielding a glaive and wearing a plate armour (severely wounded, poisoned)
The ball explodes into a vile cloud!
The stinking cloud engulfs the orc warrior.
The orc warrior is severely wounded.
The stinking cloud engulfs you!
The orc warrior is engulfed in noxious fumes.
The orc warrior misses you.
Unknown command.
You completely miss the orc warrior.
The orc warrior is almost dead.
You closely miss the orc warrior.
The orc warrior is almost dead.
The orc warrior is engulfed in noxious fumes.
The orc warrior hits you with a glaive!
You die...

## #. #. ##. #.
##...#.###
......))@##
##...#.§o(########
## #.§§§(......#
##..)######.#
##.## #.# #># #.#
..


You could see an orc warrior.

Vanquished Creatures
  Pikel (D:4)
  Eustachio (D:6)
  Edmund (D:6)
  An ice beast (D:5)
  An ogre (D:5)
  2 slaves (D:4)
  3 centaurs
  3 big kobolds
  A scorpion (D:6)
  A crimson imp (D:6)
  3 hounds
  Crazy Yiuf (D:4)
  Ijyb (D:3)
  8 orc wizards
  A centaur skeleton (D:6)
  7 orc priests
  An iguana (D:5)
  6 gnolls
  8 river rats (Sewer)
  9 adders
  2 shadow imps (D:5)
  2 oozes
  2 giant geckos
  17 orcs
  8 giant cockroaches
  11 goblins
  7 hobgoblins
  44 kobolds
  3 quokkas
  8 ball pythons
  7 bats
  A giant gecko skeleton (D:5)
  12 giant newts
  12 jackals
  A jackal skeleton (D:5)
  28 rats
  3 butterflies (D:4)
  A fungus (D:4)
  A plant (D:6)
230 creatures vanquished.

Notes
Turn   | Place    | Note
--------------------------------------------------------------
     0 | D:1      | mopl the Draconian Venom Mage began the quest for the Orb.
     0 | D:1      | Reached XP level 1. HP: 14/14 MP: 3/3
   259 | D:1      | Reached XP level 2. HP: 15/20 MP: 1/5
   822 | D:1      | Reached skill level 1 in Conjurations
   917 | D:1      | Reached XP level 3. HP: 22/26 MP: 4/6
   922 | D:1      | Learned a level 3 spell: Mephitic Cloud
  1794 | D:2      | Reached XP level 4. HP: 20/33 MP: 5/7
  1946 | D:2      | Learned a level 4 spell: Olgreb's Toxic Radiance
  2035 | D:2      | Reached skill level 2 in Conjurations
  2432 | D:3      | Noticed Ijyb
  2441 | D:3      | Reached skill level 5 in Poison Magic
  2738 | D:3      | Killed Ijyb
  2738 | D:3      | Reached XP level 5. HP: 38/38 MP: 9/9
  2936 | D:3      | Found a glowing drain.
  2962 | Sewer    | Entered a sewer
  3093 | Sewer    | Reached skill level 3 in Spellcasting
  3371 | Sewer    | Reached XP level 6. HP: 37/45 MP: 9/11
  3379 | Sewer    | Learned a level 2 spell: Cure Poison
  3437 | Sewer    | Reached skill level 3 in Conjurations
  3443 | Sewer    | Reached skill level 6 in Poison Magic
  4662 | D:4      | Your scales start taking on a dull iron-grey colour.
  4662 | D:4      | Gained mutation: You can survive without breathing. [Grey Draconian growth]
  4662 | D:4      | Reached XP level 7. HP: 27/50 MP: 1/12
  4923 | D:4      | Found a staircase to the Ecumenical Temple.
  4930 | Temple   | Entered the Ecumenical Temple
  5244 | D:4      | Found Gokyriy Ynwe's Food Shoppe.
  5244 | D:4      | Noticed Pikel
  5274 | D:4      | Killed Pikel
  5274 | D:4      | Reached skill level 4 in Spellcasting
  5274 | D:4      | Reached skill level 4 in Conjurations
  5274 | D:4      | Reached skill level 7 in Poison Magic
  5274 | D:4      | Reached XP level 8. HP: 33/57 MP: 5/14
  5414 | D:4      | Noticed Crazy Yiuf
  5424 | D:4      | Killed Crazy Yiuf
  5492 | D:5      | Entered Level 5 of the Dungeon
  5604 | D:5      | Reached skill level 8 in Poison Magic
  5687 | D:5      | Learned a level 6 spell: Poisonous Cloud
  5718 | D:5      | Reached skill level 5 in Conjurations
  6162 | D:5      | Reached skill level 5 in Spellcasting
  7041 | D:6      | Found a shattered altar of Ashenzari.
  7058 | D:6      | Found a radiant altar of Vehumet.
  7059 | D:6      | Found a deep blue altar of Sif Muna.
  7075 | D:6      | Became a worshipper of Sif Muna the Loreminder
  7246 | D:6      | Reached skill level 9 in Poison Magic
  7348 | D:6      | Reached skill level 1 in Invocations
  7528 | D:6      | Found a deep blue altar of Sif Muna.
  7528 | D:6      | Noticed Eustachio
  7549 | D:6      | Killed Eustachio
  7549 | D:6      | Reached XP level 9. HP: 47/62 MP: 11/17
  7616 | D:6      | Found Aryah's General Store.
  7621 | D:6      | Bought a scroll of blinking for 97 gold pieces
  7621 | D:6      | Bought a scroll of identify for 26 gold pieces
  7621 | D:6      | Bought a scroll of identify for 26 gold pieces
  7621 | D:6      | Bought a scroll of recharging for 123 gold pieces
  7731 | D:6      | Learned a level 3 spell: Regeneration
  7737 | D:6      | Noticed Edmund
  7752 | D:6      | Killed Edmund
  7752 | D:6      | Reached * piety under Sif Muna
  7752 | D:6      | Reached skill level 6 in Conjurations
  7760 | D:6      | Reached skill level 2 in Invocations
  8455 | D:7      | Mangled by an orc warrior

Action                   |  1- 3 |  4- 6 |  7- 9 || total
-------------------------+-------+-------+-------++-------
Melee: Unarmed           |    21 |       |       ||    21
       Dagger            |   205 |   193 |   282 ||   680
       Quarterstaff      |       |       |    12 ||    12
 Cast: Sting             |    26 |     4 |       ||    30
       Olgreb's Toxic Ra |       |     7 |    13 ||    20
       Cure Poison       |       |     5 |    14 ||    19
       Mephitic Cloud    |       |       |     1 ||     1
  Use: Scroll            |       |     7 |     5 ||    12
       Potion            |       |       |     1 ||     1
 Stab: Sleeping          |     2 |     7 |     2 ||    11
  Eat: Chunk             |     4 |    10 |    14 ||    28
       Fruit             |       |       |     1 ||     1
